 Dungeon Crawl Stone Soup version 0.31-a0-232-gb1c03b2570 (webtiles) character file.

Game seed: 6828013482945413615

522 qw the Shooter (level 7, -5/59 HPs)
             Began as a Minotaur Hexslinger on July 7, 2023.
             Slain by a bullfrog (6 damage)
             ... in a sewer.
             The game lasted 00:01:31 (3046 turns).

qw the Shooter (Minotaur Hexslinger)                Turns: 3046, Time: 00:01:31

Health: -5/59      AC:  6    Str: 13    XL:     7   Next: 2%
Magic:  7/7        EV: 11    Int: 10    God:
Gold:   12         SH:  0    Dex: 14    Spells: 7/8 levels left

rFire   . . .        Y - +2 sling
rCold   . . .        (no shield)
rNeg    . . .        e - +0 ring mail
rPois   .            (helmet restricted)
rElec   .            (no cloak)
rCorr   .            a - +0 pair of gloves
SInv    .            (no boots)
Will    +....        (no amulet)
Stlth   +            d - ring of willpower
HPRegen 0.29/turn    (no ring)
MPRegen 0.10/turn

%: no passive effects
@: no status effects
A: horns 2, retaliatory headbutt
a: no special abilities


You were in a sewer.
You visited 1 branch of the dungeon, and saw 5 of its levels.
You also visited: Sewer.

You collected 157 gold pieces.
You spent 145 gold pieces at shops.


Innate Abilities, Weirdness & Mutations

You have a pair of horns on your head.
You reflexively headbutt those who attack you in melee.


   Skills:
 - Level 4.2 Fighting
 + Level 7.1 Ranged Weapons
 - Level 2.1 Armour
 - Level 2.1 Dodging
 - Level 1.0 Spellcasting
 - Level 2.0 Hexes


You had 7 spell levels left.
You knew the following spells:

 Your Spells              Type           Power      Damage    Failure   Level
a - Slow                  Hex            16%        N/A       32%         1

Your spell library contained the following spells:

 Spells                   Type           Power      Damage    Failure   Level
 Inner Flame              Hex/Fire       2%         N/A       82%         3
 Portal Projectile        Hex/Tloc       4%         N/A       82%         3
 Cause Fear               Hex            2%         N/A       97%         4

Inventory:

Hand Weapons
 Y - a +2 sling (weapon)
Armour
 a - a +0 pair of gloves (worn)
 e - a +0 ring mail (worn)
Jewellery
 d - a ring of willpower (left hand)
Scrolls
 g - a scroll of identify
Potions
 b - 3 potions of might
 h - a potion of invisibility {unknown}
 i - a potion of lignification {unknown}
 j - a potion of haste {unknown}

Dungeon Overview and Level Annotations

Branches:
Dungeon (5/15)              Sewer (1/1)
 Temple: D:4-7

Altars:
Xom

Shops:
D:5 !=*


Message History

The bullfrog is heavily wounded.
The bullfrog hits you. x2
The bullfrog hits you but does no damage.
The bullfrog hits you.
You shoot a sling bullet. The sling bullet hits the bullfrog.
The bullfrog is severely wounded.
The bullfrog hits you but does no damage.
The bullfrog closely misses you. The bullfrog barely misses you.
You furiously retaliate!
You headbutt the bullfrog. The bullfrog barely misses you.
You shoot a sling bullet.
The sling bullet closely misses the bullfrog.
The bullfrog hits you.
The bullfrog snags a nearby fly with its tongue.
The bullfrog hits you but does no damage.
The bullfrog hits you.
You shoot a sling bullet. The sling bullet hits the bullfrog.
The bullfrog is almost dead.
The bullfrog hits you but does no damage.
The bullfrog hits you. x2
You shoot a sling bullet. The sling bullet hits the bullfrog.
The bullfrog is almost dead.
The bullfrog hits you but does no damage.
The bullfrog hits you. x2
The bullfrog hits you but does no damage.
You shoot a sling bullet. The sling bullet hits the bullfrog.
You kill the bullfrog!
The bullfrog closely misses you. The bullfrog hits you.
Your Ranged Weapons skill increases to level 7!
You have reached level 7!
You shoot a sling bullet. The sling bullet hits the bullfrog!
The bullfrog is heavily wounded.
The bullfrog hits you but does no damage.
You shoot a sling bullet. The sling bullet hits the bullfrog.
The bullfrog is heavily wounded.
The bullfrog hits you. x2
You shoot a sling bullet.
The sling bullet closely misses the bullfrog.
The bullfrog hits you.
You die...

#.# ~~~~~~~~.~~~.# #.#
#.# #~~~~~~~~~~~.~~~.#
#.# #.#
~~~~~~.~~~~~.~~~%# #\#
#.# ~~~~~.[~~~~~~~~~.#
#.# #.#
~~~~.=[?~~~~~~~~.# #\#
#.# #~~~~~}?.~~~~~~~~.#
#.# #.#
#~~~~~..~.~~~~~~~.# ###
#.# #~~~~~.%~~~~~~~~~.#
#~# #~~~.~F@~~~~~~~~%#
#~# #~~\..~~.~~~~~~~.#
#~# #~~~.~~~%~~~~~~~.#
#~# ##~~~~~~~~~~~~~~%#
#~# #~~~~~~~~~~~~~~.#
#~# ##~~~~~~~~~.~~~.#
#~########~~~~~~~~%~~~.#
#~~~~.~~~~~~~~~~..~~~~.#
#~~~~~~~~~~~~~~~~~~~~~.#


You could see a bullfrog.

Vanquished Creatures
  2 phantoms
  A bullfrog (Sewer)
  A hound (D:4)
  An iguana (D:4)
  Natasha (twice) (D:3)
  2 orc wizards (D:4)
  5 adders
  A worm (D:2)
  4 dart slugs
  9 orcs (D:4)
  11 ball pythons
  6 endoplasms
  12 giant cockroaches
  7 goblins
  7 hobgoblins
  2 jackals
  3 kobolds
  6 quokkas
  4 bats (D:3)
  6 frilled lizards
  4 rats
96 creatures vanquished.

Notes
Turn   | Place    | Note
-------+----------+-------------------------------------------
     0 | D:1      | qw the Minotaur Hexslinger began the quest for the Orb.
     0 | D:1      | Reached XP level 1. HP: 16/16 MP: 1/1
     0 | D:1      | 0 ||| qw: Version: 0.3-a-46-gb1f654a
     0 | D:1      | 0 ||| qw: Game counter: 2659
     0 | D:1      | 0 ||| qw: Melee chars always use a shield: true
     0 | D:1      | 0 ||| qw: God list: Okawaru
     0 | D:1      | 0 ||| qw: Allow faded altars: false
     0 | D:1      | 0 ||| qw: Do Orc after clearing Dungeon:15 true
     0 | D:1      | 0 ||| qw: Do second Lair branch before Depths: true
     0 | D:1      | 0 ||| qw: Lair rune preference: random
     0 | D:1      | 0 ||| qw: Goals: Normal
     0 | D:1      | 0 ||| PLANNING D:1-11
   151 | D:1      | Reached skill level 3 in Ranged Weapons
   184 | D:1      | Reached XP level 2. HP: 23/23 MP: 2/2
   601 | D:1      | 601 ||| UPGRADING to ring of willpower.
   602 | D:1      | 602 ||| READING scroll labelled UNU NYKILYTSEPH.
   603 | D:1      | 603 ||| READING 2 scrolls labelled UTOGYA POQYDDIS.
   604 | D:1      | 604 ||| READING scroll labelled ZAMPIE ISUO.
   605 | D:1      | 605 ||| READING scroll labelled ETUJIT BELUIH.
   606 | D:1      | 606 ||| DROPPING scroll of poison.
   635 | D:2      | 635 ||| STAIRDANCE
   666 | D:2      | 666 ||| STAIRDANCE
   747 | D:2      | 747 ||| STAIRDANCE
   969 | D:2      | Reached XP level 3. HP: 28/29 MP: 3/3
  1271 | D:2      | 1271 ||| UPGRADING to +0 ring mail.
  1281 | D:2      | 1281 ||| DROPPING +0 robe.
  1282 | D:2      | 1282 ||| READING scroll labelled OMETARGH GEATZ.
  1283 | D:2      | 1283 ||| READING scroll labelled MOPEOVALUAP.
  1302 | D:3      | Reached skill level 4 in Ranged Weapons
  1349 | D:3      | Noticed Natasha
  1351 | D:3      | Killed Natasha
  1352 | D:3      | Reached XP level 4. HP: 30/36 MP: 4/4
  1375 | D:3      | Identified the +5 chain mail "Zit Duegh" {-Cast rElec
                  | Dex+3}
  1401 | D:3      | Found a shimmering altar of Xom.
  1692 | D:3      | Noticed Natasha
  1695 | D:3      | Killed Natasha
  1739 | D:3      | 1739 ||| UPGRADING to +0 pair of gloves.
  1744 | D:3      | 1744 ||| DROPPING amulet of magic regeneration.
  1745 | D:3      | 1745 ||| READING scroll labelled ODILLU LOEHIOF.
  1844 | D:4      | Reached skill level 5 in Ranged Weapons
  1844 | D:4      | Reached XP level 5. HP: 29/41 MP: 5/5
  1976 | D:4      | Noticed a phantom
  1991 | D:4      | Killed a phantom
  2108 | D:4      | Reached XP level 6. HP: 52/52 MP: 6/6
  2122 | D:4      | 2122 ||| FLEEEEING.
  2123 | D:4      | 2123 ||| FLEEEEING.
  2124 | D:4      | 2124 ||| FLEEEEING.
  2131 | D:4      | HP: 13/52 [orc/+0 club (2)]
  2132 | D:4      | 2132 ||| READING scroll of teleportation.
  2548 | D:4      | 2548 ||| READING 3 scrolls of identify.
  2548 | D:4      | 2548 ||| IDENTIFYING fizzy clear potion
  2549 | D:4      | 2549 ||| READING 2 scrolls of identify.
  2549 | D:4      | 2549 ||| IDENTIFYING bubbling coppery potion
  2550 | D:4      | 2550 ||| DROPPING potion of ambrosia.
  2565 | D:5      | Entered Level 5 of the Dungeon
  2565 | D:5      | Found Rujolel's Distillery.
  2566 | D:5      | 2566 ||| PLANNING SEWER
  2568 | D:5      | 2568 ||| SHOPLISTING 2 potions of cancellation (224 gold,
                  | have 126).
  2568 | D:5      | 2568 ||| BUYING 2 potions of might (112 gold).
  2568 | D:5      | Bought 2 potions of might for 112 gold pieces
  2568 | D:5      | 2568 ||| SHOPLISTING potion of curing (42 gold, have 14).
  2568 | D:5      | 2568 ||| SHOPLISTING potion of haste (140 gold, have 14).
  2568 | D:5      | 2568 ||| SHOPLISTING potion of heal wounds (70 gold, have
                  | 14).
  2568 | D:5      | 2568 ||| SHOPLISTING potion of mutation (112 gold, have
                  | 14).
  2568 | D:5      | 2568 ||| SHOPLISTING potion of resistance (140 gold, have
                  | 14).
  2568 | D:5      | Found Zuacw's Jewellery Boutique.
  2583 | D:5      | Found Qugayxki's Assorted Antiques.
  2603 | D:5      | 2603 ||| SHOPLISTING runed orcbow (214 gold, have 45).
  2603 | D:5      | 2603 ||| BUYING scroll labelled YPNAUG ZIACIOF (33 gold).
  2603 | D:5      | Bought a scroll labelled YPNAUG ZIACIOF for 33 gold pieces
  2603 | D:5      | 2603 ||| SHOPLISTING scroll of teleportation (99 gold, have
                  | 12).
  2633 | D:5      | Reached skill level 6 in Ranged Weapons
  2708 | D:5      | Found a glowing drain.
  2709 | D:5      | 2709 ||| READING scroll labelled YPNAUG ZIACIOF.
  2718 | Sewer    | Entered a sewer
  2727 | Sewer    | 2727 ||| Stepping ~*~*~tactically~*~*~ (water).
  2730 | Sewer    | 2730 ||| Stepping ~*~*~tactically~*~*~ (water).
  2945 | Sewer    | 2945 ||| Stepping ~*~*~tactically~*~*~ (water).
  3042 | Sewer    | HP: 13/52 [bullfrog (6)]
  3043 | Sewer    | HP: 6/52 [bullfrog (5)]
  3044 | Sewer    | Reached skill level 7 in Ranged Weapons
  3044 | Sewer    | Reached XP level 7. HP: 7/59 MP: 7/7
  3045 | Sewer    | HP: 2/59 [bullfrog (6)]
  3046 | Sewer    | Slain by a bullfrog

Levels and vault maps discovered:
D:1:      dpeg_arrival_arbitrary_c, layout_basic
D:2:      layout_loops_ring
D:3:      layout_rooms, mainiacjoe_overflow_brackets, uniq_natasha
D:4:      layout_cave_pools
D:5:      layout_rooms, cheibrodos_worm_habitat, nicolae_overflow_hidden_temple,
          marbit_many_paths, serial_shops, shop, nicolae_stop_n_shop_1, shop,
          nicolae_inconvenience_store, nicolae_shop_window_shopping,
          cheibrodos_sewer_entry_drain, minmay_misc_feat_room,
          hangedman_decor_lopped, st_stairs_2
Sewer:    sewer_frog_island_01

Skill      XL: |  1  2  3  4  5  6 |
---------------+-------------------+-----
Ranged Weapons | 3 4 5 7 |  7.1
Fighting       | 2 4 |  4.2
Armour         | 2 |  2.1
Dodging        | |  2.1
Spellcasting   | |  1.0
Hexes          | |  2.0

Action                     |  1- 3 |  4- 6 |  7- 9 || total
---------------------------+-------+-------+-------++-------
   Fire: Sling             |    98 |   250 |     3 ||   351
    Use: Scroll            |     6 |     5 |       ||    11
 Armour: Robe              |     4 |       |       ||     4
         Ring mail         |     1 |    58 |     1 ||    60
  Dodge: Dodged            |    39 |    78 |       ||   117

Table legend:
 A = Non-vault XP
 B = Vault XP
 C = Vault XP percentage of total XP
 D = Non-vault monster count
 E = Vault monster count
 F = Vault count percentage of total count
                 A         B        C        D         E       F
            +---------+---------+-------+---------+---------+-------
      Total |     560 |     187 |  25.0 |      68 |      28 |  29.2
            +---------+---------+-------+---------+---------+-------
        D:1 |      24 |       0 |   0.0 |      12 |       0 |   0.0
        D:2 |      37 |       0 |   0.0 |      12 |       0 |   0.0
        D:3 |      69 |      35 |  33.7 |      18 |       1 |   5.3
        D:4 |     323 |       0 |   0.0 |      25 |       0 |   0.0
        D:5 |     107 |       4 |   3.6 |       1 |       2 |  66.7
      Sewer |       0 |     148 | 100.0 |       0 |      25 | 100.0
            +---------+---------+-------+---------+---------+-------
